Map: [ESL] Moondance

Players

ShoWTimE

  • Race: Protoss Protoss
  • Spawn Location: 6:00

LiquidClem (Clem) - Winner!

  • Race: Terran Terran
  • Spawn Location: 12:00

Event: HomeStory Cup XXI

VOD

Have the link to the VOD?

Description

Time

  • Played on: July 23, 2022, 6:53 a.m.
  • Length: 8:32

All games in this series

Show
View Real Time Build Order
Export as new Build Order

ShoWTimE Protoss 

Build Orders: 1 Gate Expand, Blink Stalkers 

Get SALT Encoding   

  12  0:00  Probe  
  13  0:12  Probe  
  14  0:16  Pylon  
  14  0:24  Probe (Chrono Boost)  
  16  0:36  Probe (Chrono Boost), Gateway  
  16  0:43  Probe (Chrono Boost)  
  16  0:45  Assimilator  
  17  0:51  Probe  
  18  1:03  Probe  
  19  1:15  Probe  
  20  1:22  Nexus  
  20  1:31  Cybernetics Core  
  20  1:34  Probe  
  20  1:39  Assimilator  
  21  1:46  Probe  
  22  1:50  Pylon  
  22  1:58  Probe  
  23  2:05  Stalker (Chrono Boost)  
  25  2:10  Probe  
  26  2:22  Probe  
  26  2:28  Warp Gate  
  26  2:29  Stalker (Chrono Boost)  
  25  2:34  Probe x2  
  29  2:46  Probe  
  29  2:47  Twilight Council  
  29  2:48  Probe  
  32  2:58  Probe  
  32  3:00  Probe  
  33  3:08  Stalker  
  33  3:12  Probe (Chrono Boost)  
  37  3:15  Probe (Chrono Boost)  
  37  3:21  Probe (Chrono Boost)  
  37  3:22  Blink (Chrono Boost)  
  37  3:24  Probe (Chrono Boost)  
  37  3:26  Probe (Chrono Boost)  
  40  3:34  Probe  
  40  3:38  Probe  
  40  3:40  Robotics Facility  
  42  3:45  Pylon  
  42  3:46  Probe  
  43  3:50  Probe  
  44  3:57  Gateway  
  44  3:59  Probe  
  45  4:03  Probe  
  45  4:08  Gateway  
  45  4:09  Gateway  
  45  4:11  Probe  
  45  4:15  Probe  
  47  4:22  Pylon  
  48  4:24  Assimilator  
  48  4:25  Stalker  
  48  4:29  Warp Prism (Chrono Boost)  
  51  4:33  Pylon  
  51  4:38  Probe, Assimilator  
  52  4:39  Probe  
  53  4:49  Pylon  
  53  4:52  Stalker x2  
  57  4:56  Observer  
  57  4:57  Probe  
  59  5:14  Stalker x2  
  61  5:15  Stalker x2  
  61  5:20  Robotics Bay  
  67  5:21  Pylon  
  67  5:26  Forge  
  67  5:44  Stalker x4  
  75  5:51  Probe x2  
  77  5:58  Pylon  
  77  6:03  Probe x2  
  77  6:04  Colossus (Chrono Boost)  
  78  6:07  Protoss Ground Weapons Level 1  
  82  6:18  Extended Thermal Lance  
  82  6:21  Nexus, Probe  
  82  6:23  Probe  
  84  6:29  Observer  
  84  6:34  Probe  
  84  6:38  Sentry x2  
  89  6:40  Probe  
  89  6:46  Probe  
  91  6:53  Probe  
  88  6:55  Colossus (Chrono Boost)  
  88  6:59  Pylon  
  88  7:01  Pylon  
  94  7:05  Shield Battery  
  94  7:06  Pylon  
  94  7:17  Probe  
  94  7:21  Sentry, Zealot x3  
  103  7:29  Probe x2  
  105  7:30  Shield Battery  
  105  7:35  Probe  
  106  7:41  Probe x2  
  106  7:42  Zealot x3  
  101  7:46  Zealot  
  101  7:47  Probe  
  82  8:03  Zealot x3  
  84  8:06  Probe  
  77  8:13  Probe  
  77  8:14  Probe  
  77  8:15  Gateway  
  77  8:18  Gateway  
  71  8:21  Stalker, Gateway  
Show
View Real Time Build Order
Export as new Build Order

LiquidClem Terran - Winner!

Build Orders: Reaper Expand 

Get SALT Encoding   

  12  0:00  SCV  
  13  0:12  SCV  
  14  0:16  Supply Depot  
  14  0:24  SCV  
  15  0:38  Barracks, SCV  
  16  0:43  Refinery  
  16  0:50  SCV  
  17  1:02  SCV  
  18  1:14  SCV  
  19  1:25  Reaper  
  20  1:26  Orbital Command  
  20  1:43  Command Center  
  20  1:50  Bunker  
  20  1:53  SCV  
  21  1:57  Marine  
  22  2:02  Supply Depot  
  22  2:06  SCV  
  23  2:15  Factory  
  23  2:21  Barracks Reactor  
  23  2:24  SCV  
  24  2:33  Refinery  
  24  2:36  SCV  
  25  2:48  SCV  
  26  2:58  Marine x2  
  26  3:00  SCV, Starport  
  26  3:01  Orbital Command  
  26  3:04  Hellion  
  31  3:16  Marine x2  
  31  3:18  SCV  
  33  3:27  SCV  
  33  3:30  Factory Tech Lab, SCV  
  34  3:34  Supply Depot, Marine x2  
  34  3:37  Bunker  
  34  3:39  SCV  
  37  3:44  SCV  
  37  3:46  Barracks  
  38  3:51  Raven, SCV  
  38  3:53  Marine  
  38  3:54  Factory Tech Lab  
  38  3:55  Marine  
  43  3:58  SCV  
  44  4:03  SCV  
  44  4:07  Supply Depot  
  43  4:10  SCV  
  43  4:11  Marine  
  43  4:13  Siege Tank, Marine  
  43  4:16  SCV  
  50  4:20  Barracks  
  50  4:23  SCV  
  51  4:28  SCV  
  51  4:29  Supply Depot, Marine  
  51  4:31  Marine  
  54  4:35  SCV  
  55  4:39  Supply Depot  
  55  4:40  SCV  
  55  4:43  Marine  
  57  4:45  Siege Tank  
  57  4:47  Refinery  
  57  4:49  Stimpack  
  57  4:50  SCV  
  61  4:53  Marine x2  
  61  4:56  SCV  
  64  5:01  Supply Depot, Marine  
  64  5:02  SCV  
  64  5:06  Engineering Bay  
  66  5:08  SCV  
  66  5:09  Starport Reactor  
  66  5:10  Marine  
  66  5:11  Marine  
  69  5:15  SCV  
  69  5:16  Refinery  
  69  5:19  Marauder  
  69  5:20  SCV  
  73  5:23  Supply Depot  
  73  5:24  Combat Shield  
  73  5:27  SCV  
  74  5:29  Marauder  
  74  5:33  Marine x2  
  74  5:34  SCV  
  78  5:42  Terran Infantry Weapons Level 1  
  78  5:45  SCV  
  78  5:46  SCV  
  78  5:47  Marauder  
  78  5:48  Starport Reactor, Supply Depot  
  82  5:53  Marine x2  
  82  5:57  SCV  
  82  5:58  Marauder  
  82  6:01  Factory Reactor  
  82  6:02  Supply Depot  
  82  6:03  SCV  
  85  6:09  SCV  
  85  6:10  Marauder  
  88  6:13  Marine x2  
  88  6:15  SCV, Supply Depot  
  91  6:20  Marauder  
  93  6:27  Medivac x2  
  93  6:31  Marauder  
  99  6:36  Supply Depot  
  99  6:39  Command Center  
  99  6:42  Marine  
  99  6:43  Marine x2  
  99  6:44  SCV  
  99  6:46  SCV  
  102  6:50  Factory Reactor  
  102  6:54  Marauder  
  102  6:55  Supply Depot  
  102  6:56  SCV  
  102  7:00  SCV  
  103  7:06  Marine x2, Marauder  
  107  7:08  SCV  
  107  7:13  Medivac x2  
  107  7:14  Concussive Shells  
  111  7:19  Marauder  
  112  7:25  Command Center  
  112  7:28  Marine x2, Marauder  
  115  7:31  Widow Mine  
  115  7:32  Widow Mine  
  119  7:38  Supply Depot  
  119  7:41  SCV  
  119  7:45  SCV  
  119  7:48  Marine x2  
  111  7:51  Medivac  
  111  7:53  SCV  
  111  7:54  Medivac  
  111  7:55  Marauder  
  111  7:56  Marauder  
  118  8:05  Widow Mine x2  
  114  8:06  Marine  
  114  8:09  Marine  
  111  8:19  SCV x2  
Tags
 
Add a new tag
Caveats
  • Supply blocks, unpowered buildings, or Contaminate may cause inaccurate times.
  • Supply counts are checked every 10 seconds.